 Dungeon Crawl Stone Soup version 0.21.1-1-g345015f (webtiles) character file.

8689 sking99 the Basher (level 11, -2/69 HPs)
             Began as a Gargoyle Fighter on June 24, 2018.
             Was a High Priest of Zin.
             Slain by sking99's ghost (20 damage)
             ... on level 10 of the Dungeon.
             The game lasted 00:32:57 (9257 turns).

sking99 the Basher (Gargoyle Fighter)               Turns: 9257, Time: 00:32:58

Health: -2/69      AC: 24    Str: 20    XL:     11   Next: 34%
Magic:  16/16      EV:  4    Int:  9    God:    Zin [*****.]
Gold:   347        SH:  9    Dex: 12    Spells: 10/10 levels left

rFire    . . .     SeeInvis .   m - +3 whip (freeze)
rCold    . . .     Gourm    .   c - +0 shield
rNeg     + . .     Faith    .   u - +0 plate armour
rPois    ∞         Spirit   .   z - +0 helmet (curse)
rElec    +         Reflect  .   (no cloak)
rCorr    .         Harm     .   t - +0 pair of gloves
MR       .....                  (no boots)
Stlth    ..........             (no amulet)
HPRegen  0.21/turn              o - ring of stealth
MPRegen  0.15/turn              (no ring)

@: no status effects
A: negative energy resistance 1, electricity resistance, unbreathing,
petrification resistance, rot immunity, AC +8
a: Recite, Vitalisation, Imprison, Sanctuary, Donate Gold, Renounce Religion


You were on level 10 of the Dungeon.
You worshipped Zin.
Zin was extremely pleased with you.
You were hungry.

You visited 2 branches of the dungeon, and saw 11 of its levels.

You collected 463 gold pieces.
You spent 70 gold pieces at shops.
You donated 46 gold pieces to Zin.

Inventory:

Hand Weapons
 a - a +0 flail
 m - a +3 whip of freezing (weapon)
 y - a cursed +3 dire flail
Armour
 b - a +0 scale mail
 c - a +0 shield (worn)
 r - a +0 chain mail
 t - a +0 pair of gloves (worn)
 u - a +0 plate armour (worn)
 z - a cursed +0 helmet (worn)
 G - a +0 scale mail of poison resistance
Jewellery
 o - a ring of stealth (left hand)
 q - the ring of Kindness {AC+4 Int+2 SInv, unknown}
   (You took it off a centaur on level 8 of the Dungeon)

   [ring of protection]

   It affects your AC (+4).
   It affects your intelligence (+2).
   It lets you see invisible.
 s - an uncursed ring of fire {unknown}
 K - a cursed -4 ring of dexterity {unknown}
Wands
 v - a wand of acid (9)
 C - a wand of iceblast (9)
 H - a wand of disintegration (19)
 I - a wand of flame (31)
Scrolls
 k - 3 scrolls of identify
 l - 3 scrolls of teleportation
 p - 4 scrolls of blinking
 w - 3 scrolls of remove curse
 x - a scroll of magic mapping
 B - 2 scrolls of enchant weapon {unknown}
 D - 3 scrolls of enchant armour {unknown}
 E - a scroll of acquirement {unknown}
Potions
 d - 3 potions of might
 e - 3 potions of invisibility {unknown}
 g - 2 potions of haste
 h - a potion of mutation
 i - 3 potions of curing
 j - a potion of degeneration {unknown}
 n - a potion of agility
 A - a potion of resistance
 F - 2 potions of lignification {unknown}
 J - 2 potions of flight {unknown}
 P - a potion of cancellation {unknown}
Books
 L - a book of Debilitation

   Spells                             Type                      Level
   a - Corona                         Hexes                        1
   b - Slow                           Hexes                        2
   c - Inner Flame                    Hexes/Fire                   3
   d - Portal Projectile              Hexes/Translocation          3
   e - Cause Fear                     Hexes                        4
   f - Leda's Liquefaction            Hexes/Earth                  4
 M - a Young Poisoner's Handbook

   Spells                             Type                      Level
   a - Sting                          Conjuration/Poison           1
   b - Poisonous Vapours              Poison/Air                   2
   c - Mephitic Cloud                 Conjuration/Poison/Air       3
   d - Olgreb's Toxic Radiance        Poison                       4
   e - Venom Bolt                     Conjuration/Poison           5
 N - a book of Geomancy

   Spells                             Type                      Level
   a - Sandblast                      Earth                        1
   b - Passwall                       Transmutation/Earth          2
   c - Stone Arrow                    Conjuration/Earth            3
   d - Petrify                        Transmutation/Earth          4
   e - Lee's Rapid Deconstruction     Earth                        5
Comestibles
 f - 15 rations


   Skills:
 + Level 8.6 Fighting
 - Level 12.0 Maces & Flails
 + Level 8.6 Armour
 - Level 3.2 Shields
 - Level 7.7 Invocations


You had 10 spell levels left.
You didn't know any spells.

Dungeon Overview and Level Annotations

Branches:
Dungeon (10/15)            Temple (1/1) D:6            Lair (0/6) D:10
    Orc: D:9-12

Altars:
Ashenzari
Cheibriados
Dithmenos
Elyvilon
Fedhas
Gozag
Hepliaklqana
Kikubaaqudgha
Makhleb
Nemelex Xobeh
Qazlal
Ru
Sif Muna
Trog
Uskayaw
Vehumet
Wu Jian
Xom
Yredelemnul
Zin
The Shining One

Shops:
D:5 !   D:7 }

Annotations:
D:10 1 runed door, sking99's ghost, journeyman TrMo


Innate Abilities, Weirdness & Mutations

You are resistant to torment.
Your stone body is resilient. (AC +8)
You are immune to poison.
You resist negative energy. (rN+)
You are resistant to electric shocks. (rElec)
You can survive without breathing.
You are immune to petrification.
You are immune to rotting.


Message History

You hit sking99's ghost. You freeze sking99's ghost.
Sking99's ghost is moderately damaged.
Sking99's ghost hits you.
You closely miss sking99's ghost.
Sking99's ghost is moderately damaged.
You hit sking99's ghost. You freeze sking99's ghost.
Sking99's ghost is moderately damaged.
Sking99's ghost hits you!!
You closely miss sking99's ghost.
Sking99's ghost is moderately damaged.
Sking99's ghost hits you!!
* * * LOW HITPOINT WARNING * * *
You closely miss sking99's ghost.
Sking99's ghost is moderately damaged.
The centaur says, "I'm a little confused."
You hit sking99's ghost. You freeze sking99's ghost.
Sking99's ghost is moderately damaged.
You block sking99's ghost's attack. Sking99's ghost hits you!!
You die...

###...# #####.....#
......#...# ########.##
####### ########.# ###.>...#
..(......### #....)..#
########..(###########....####
# #....c..W.##....#### #
#########@##)#..# #...)..##
###.#.#### #.....# #.....#
#######


You could see a centaur (confused) and sking99's ghost.

Vanquished Creatures
  3 two-headed ogres
  The ghost of iamserjio the Charmwright, a novice GnSk of Cheibriados (D:8)
  2 gargoyles (D:10)
  2 trolls (D:9)
  2 hippogriffs
  Sigmund (D:5)
  A spriggan (D:8)
  2 yaks (D:8)
  A steam dragon (D:8)
  A water moccasin (D:6)
  2 orc warriors (D:9)
  2 ice beasts
  A sky beast (D:8)
  3 phantoms
  4 ogres
  7 centaurs
  A crocodile (D:7)
  A big kobold (D:8)
  5 bullfrogs
  A gnoll sergeant (D:9)
  2 scorpions
  A water moccasin skeleton (D:10)
  7 killer bees (D:8)
  5 wights (D:6)
  2 howler monkeys
  A centaur zombie (D:5)
  2 crimson imps (D:5)
  A bullfrog zombie (D:8)
  A quasit (D:10)
  3 hounds
  9 orc wizards
  4 orc priests
  3 jellies
  2 bullfrog skeletons (D:5)
  4 iguanas
  8 worker ants
  2 worker ant zombies
  5 gnolls (D:9)
  12 adders
  2 shadow imps
  2 oozes
  An adder skeleton (D:4)
  2 worms
  7 leopard geckos
  34 orcs
  A ball python (D:1)
  8 giant cockroaches
  6 goblins
  2 hobgoblins
  16 jackals
  4 quokkas
  8 bats
  A frilled lizard (D:1)
  6 kobolds
  A leopard gecko skeleton (D:5)
  A quokka skeleton (D:9)
  5 rats (D:6)
224 creatures vanquished.

Notes
Turn   | Place    | Note
-------+----------+-------------------------------------------
     0 | D:1      | sking99 the Gargoyle Fighter began the quest for the Orb.
     0 | D:1      | Reached XP level 1. HP: 14/14 MP: 1/1
    79 | D:1      | Reached XP level 2. HP: 14/19 MP: 2/2
   311 | D:1      | Reached skill level 3 in Maces & Flails
   662 | D:2      | Found a faded altar of an unknown god.
   682 | D:2      | Reached XP level 3. HP: 19/23 MP: 3/3
   725 | D:2      | Became a worshipper of Zin the Law-Giver
   725 | D:2      | Reached * piety under Zin
  1016 | D:2      | Reached skill level 4 in Maces & Flails
  1420 | D:3      | Reached XP level 4. HP: 21/28 MP: 4/4
  1869 | D:3      | Reached ** piety under Zin
  2335 | D:4      | Reached skill level 5 in Maces & Flails
  2335 | D:4      | Reached XP level 5. HP: 22/32 MP: 5/5
  2595 | D:4      | Noticed a phantom
  2677 | D:4      | Killed a phantom
  2677 | D:4      | Reached skill level 6 in Maces & Flails
  2677 | D:4      | Reached XP level 6. HP: 33/37 MP: 6/6
  3012 | D:5      | Entered Level 5 of the Dungeon
  3077 | D:5      | Reached skill level 7 in Maces & Flails
  3077 | D:5      | Reached XP level 7. HP: 33/41 MP: 7/7
  3098 | D:5      | Found a shimmering altar of Xom.
  3329 | D:5      | Reached skill level 8 in Maces & Flails
  3443 | D:5      | Noticed Sigmund
  3458 | D:5      | Killed Sigmund
  3460 | D:5      | Reached skill level 9 in Maces & Flails
  3460 | D:5      | Reached XP level 8. HP: 36/46 MP: 5/8
  3517 | D:5      | Found Vekix's Distillery.
  3525 | D:5      | Bought a potion of heal wounds for 70 gold pieces
  3663 | D:5      | Reached *** piety under Zin
  4065 | D:6      | Reached skill level 10 in Maces & Flails
  4145 | D:6      | Found a blossoming altar of Fedhas.
  4342 | D:6      | Reached skill level 11 in Maces & Flails
  4368 | D:6      | Reached XP level 9. HP: 37/51 MP: 9/9
  4576 | D:6      | Found a snail-covered altar of Cheibriados.
  4579 | D:6      | Found a burning altar of Makhleb.
  4582 | D:6      | Found a sparkling altar of Nemelex Xobeh.
  4585 | D:6      | Found a deep blue altar of Sif Muna.
  4654 | D:6      | Found a staircase to the Ecumenical Temple.
  4663 | Temple   | Entered the Ecumenical Temple
  5168 | D:7      | Reached skill level 12 in Maces & Flails
  5312 | D:7      | Reached skill level 1 in Invocations
  5411 | D:7      | Found Tanueb's Gadget Boutique.
  5461 | D:7      | Found an ancient bone altar of Kikubaaqudgha.
  5636 | D:8      | Reached **** piety under Zin
  5680 | D:8      | Noticed iamserjio's ghost (novice GnSk)
  5769 | D:8      | Killed iamserjio's ghost
  5769 | D:8      | Reached XP level 10. HP: 40/58 MP: 11/13
  5774 | D:8      | Reached skill level 5 in Invocations
  5868 | D:8      | Reached skill level 5 in Fighting
  5868 | D:8      | Reached skill level 5 in Armour
  6190 | D:8      | Noticed a two-headed ogre
  6491 | D:8      | Killed a two-headed ogre
  6505 | D:8      | Got a fine wooden ring
  7466 | D:9      | Found a shimmering altar of Xom.
  7831 | D:9      | Noticed a two-headed ogre
  7849 | D:9      | Killed a two-headed ogre
  7849 | D:9      | Reached XP level 11. HP: 36/67 MP: 14/16
  8234 | D:9      | Noticed a two-headed ogre
  8247 | D:9      | Killed a two-headed ogre
  8851 | D:10     | Entered Level 10 of the Dungeon
  8854 | D:10     | Found a staircase to the Lair.
  8963 | D:10     | Reached ***** piety under Zin
  8982 | D:10     | Found a runed door.
  8988 | D:10     | Found a runed gate.
  8990 | D:10     | Found a runed door.
  9163 | D:10     | Noticed sking99's ghost (journeyman TrMo)
  9257 | D:10     | Slain by sking99's ghost

Skill      XL: |  1  2  3  4  5  6  7  8  9 10 11 |
---------------+----------------------------------+-----
Maces & Flails | 3 4 5 6 7 9 11 12 | 12.0
Invocations    | 4 7 |  7.7
Fighting       | 4 7 8 |  8.6
Armour         | 4 7 8 |  8.6
Shields        | |  3.2

Action                   |  1- 3 |  4- 6 |  7- 9 | 10-12 || total
-------------------------+-------+-------+-------+-------++-------
Melee: Flail             |    46 |       |       |       ||    46
       Whip              |    48 |   200 |   561 |   531 ||  1340
Invok: Recite            |     1 |     2 |     9 |    19 ||    31
       Vitalisation      |       |       |     1 |     5 ||     6
  Use: Scroll            |       |    12 |     2 |     1 ||    15
       Potion            |       |       |       |     2 ||     2
 Stab: Confused          |       |       |     3 |     5 ||     8
       Paralysed         |       |       |       |     5 ||     5
       Invisible         |       |       |       |     1 ||     1
  Eat: Chunk             |     1 |     2 |    10 |     4 ||    17
       Ration            |       |     1 |       |     2 ||     3
Armor: Scale mail        |    58 |    18 |       |       ||    76
       Chain mail        |       |    57 |    96 |       ||   153
       Plate armour      |       |       |   121 |   241 ||   362
Dodge: Dodged            |    33 |    38 |    61 |    43 ||   175
Block: Shield            |    64 |    51 |   160 |   159 ||   434
